 Dungeon Crawl Stone Soup version 0.26-a0-812-g31a745ddcd (webtiles) character file.

Game seed: 5181762462656710316

3191 tilp the Slinger (level 10, -3/66 HPs)
             Began as a Halfling Hunter on Nov 26, 2020.
             Was a Follower of Okawaru.
             Killed from afar by an orc wizard (9 damage)
             ... with a magic dart
             ... on level 9 of the Dungeon.
             The game lasted 00:15:27 (8630 turns).

tilp the Slinger (Halfling Hunter)                  Turns: 8630, Time: 00:15:28

Health: -3/66      AC: 10    Str: 15    XL:     10   Next: 16%
Magic:  11/11      EV: 12    Int: 15    God:    Okawaru [*.....]
Gold:   473        SH:  0    Dex: 17    Spells: 9/9 levels left

rFire    . . .     SeeInvis .   a - +0 fustibalus
rCold    . . .     Faith    .   (shield restricted)
rNeg     . . .     Spirit   .   x - +0 chain mail
rPois    .         Reflect  .   (no helmet)
rElec    .         Harm     .   C - +1 cloak
rCorr    .         Rampage  .   (no gloves)
MR       .....                  (no boots)
Stlth    ..........             (no amulet)
HPRegen  0.21/turn              (no ring)
MPRegen  0.12/turn              r - +6 ring of intelligence

@: no status effects
A: small, mutation resistance 1
a: Heroism, Renounce Religion


You were on level 9 of the Dungeon.
You worshipped Okawaru.
Okawaru was aware of your devotion.
You visited 2 branches of the dungeon, and saw 10 of its levels.

You collected 473 gold pieces.

Inventory:

Hand Weapons
 a - a +0 fustibalus (weapon)
 b - a +2 short sword of speed
 k - a +1 short sword of speed
 m - a cursed -2 hand axe
 D - a +0 war axe
 F - a +2 vorpal hand axe
 I - a +1 hunting sling
Missiles
 d - 73 sling bullets (quivered)
 f - 185 stones
 J - a throwing net {!f =f}
Armour
 x - a +0 chain mail (worn)
 C - a +1 cloak (worn)
Jewellery
 n - an uncursed ring of fire
 r - a +6 ring of intelligence (right hand)
 u - an uncursed ring of fire
Wands
 c - a wand of random effects (21)
 w - a wand of iceblast (1)
 E - a wand of flame (44)
 G - a wand of enslavement (5)
Scrolls
 e - a scroll of fog {unknown}
 g - 6 scrolls of teleportation
 h - 2 scrolls of remove curse
 q - 2 scrolls of amnesia
 t - a scroll of random uselessness {unknown}
 y - a scroll of magic mapping
 z - a scroll of blinking {unknown}
 K - a scroll of vulnerability {unknown}
Potions
 i - 2 potions of flight
 j - a potion of ambrosia
 l - 2 potions of cancellation
 o - 3 potions of berserk rage
 s - 3 potions of curing
 v - a potion of lignification
 A - a potion of brilliance
 B - 2 potions of heal wounds
 H - a potion of attraction


   Skills:
 + Level 5.1 Fighting
 - Level 14.0 Slings
 + Level 7.2 Dodging
 - Level 4.0 Stealth
 + Level 1.7 Invocations
 + Level 3.2 Evocations


You had 9 spell levels left.
You didn't know any spells.
Your spell library was empty.

Dungeon Overview and Level Annotations

Branches:
Dungeon (9/15)             Temple (1/1) D:7
   Lair: D:8-11         Orc: D:9-12

Altars:
Ashenzari
Cheibriados
Dithmenos
Elyvilon
Fedhas
Gozag
Hepliaklqana
Kikubaaqudgha
Makhleb
Nemelex Xobeh
Okawaru
Qazlal
Ru
Sif Muna
Uskayaw
Vehumet
Wu Jian
Xom
Yredelemnul
Zin
The Shining One

Shops:
D:4 [

Annotations:
D:9 Prince Ribbit


Innate Abilities, Weirdness & Mutations

You are small and have problems with some larger weapons.
You are somewhat resistant to further mutation.


Message History

Firing (i - inventory. (/) - cycle)
d - 75 sling bullets (quivered)
Press: ? - help, Shift-Dir - straight line, f - orc
Aim: an orc, wielding a +0 hand axe You shoot a sling bullet.
You hear some strange, mumbled words.
A puff of flame appears from out of thin air!
The puff of flame hits you.
* * * LOW HITPOINT WARNING * * *
Firing (i - inventory. (/) - cycle)
d - 74 sling bullets (quivered)
Press: ? - help, Shift-Dir - straight line, f/p - orc
Aim: an orc, wielding a +0 hand axe You shoot a sling bullet.
The orc shouts!
The sling bullet hits the orc!
You kill the orc!
Okawaru accepts your kill.
You hear some strange, mumbled words.
A magic dart appears from out of thin air!
The magic dart hits you!
You die...

##........## .....>..o..#
### ..........(####.##
...##....#....)......#
.............).......#
...##.........#......#
...#..........#.)".(###
#............##{#.#..###
##............#.@#......#
#............)...#.#...##
##.......<..##...#......#
...)........###..##..#.##
..##.....#...#..###.####
..#......##.........##
................(†...#
._....#...##...##.....#
....†.#...#...........#


You could see an orc.

Vanquished Creatures
  A troll (D:9)
  Menkaure (D:4)
  2 orc warriors
  A phantom (D:9)
  2 ice beasts
  2 sky beasts
  A black bear (D:9)
  2 centaurs
  A big kobold (D:8)
  2 bullfrogs
  3 scorpions (D:8)
  4 killer bees
  A howler monkey (D:7)
  2 vampire bats (D:2)
  6 orc priests
  4 bullfrog skeletons
  A jelly (D:9)
  11 orc wizards
  5 hounds
  Ijyb (D:4)
  An iguana (D:8)
  Natasha (D:4)
  7 worker ants
  2 hound zombies
  2 worker ant zombies (D:5)
  8 gnolls
  3 adders
  2 shadow imps (D:8)
  2 white imps
  An ufetubus (D:6)
  An ooze (D:2)
  An adder skeleton (D:7)
  A worm (D:3)
  4 dart slugs
  5 leopard geckos
  15 orcs
  A ball python (D:2)
  5 bat skeletons (D:2)
  A bat zombie (D:2)
  6 giant cockroaches
  9 goblins
  8 hobgoblins
  2 jackals (D:6)
  2 quokkas
  8 bats
  2 frilled lizards
  11 kobolds
  2 leopard gecko zombies (D:6)
  9 rats
175 creatures vanquished.

Vanquished Creatures (others)
  A fungus (D:2)
1 creature vanquished.

Grand Total: 176 creatures vanquished

Notes
Turn   | Place    | Note
-------+----------+-------------------------------------------
     0 | D:1      | tilp the Halfling Hunter began the quest for the Orb.
     0 | D:1      | Reached XP level 1. HP: 14/14 MP: 1/1
    61 | D:1      | Reached skill level 6 in Slings
   109 | D:1      | Reached XP level 2. HP: 14/19 MP: 2/2
   422 | D:1      | Reached skill level 7 in Slings
   422 | D:1      | Reached XP level 3. HP: 13/24 MP: 3/3
  1325 | D:1      | Reached XP level 4. HP: 29/29 MP: 4/4
  1447 | D:2      | Reached skill level 8 in Slings
  1810 | D:2      | Reached XP level 5. HP: 34/34 MP: 5/5
  1876 | D:2      | Found a blossoming altar of Fedhas.
  2066 | D:2      | Found an ancient bone altar of Kikubaaqudgha.
  2082 | D:2      | Reached skill level 9 in Slings
  2090 | D:2      | Reached XP level 6. HP: 26/39 MP: 6/6
  2478 | D:3      | Reached skill level 10 in Slings
  2707 | D:3      | Found a stormy altar of Qazlal.
  3242 | D:4      | Noticed Ijyb
  3253 | D:4      | Killed Ijyb
  3404 | D:4      | Found Ejexap's Antique Armour Shoppe.
  3566 | D:4      | Noticed Natasha
  3583 | D:4      | Killed Natasha
  3704 | D:4      | Reached skill level 11 in Slings
  3704 | D:4      | Reached XP level 7. HP: 44/44 MP: 7/7
  3821 | D:4      | Noticed Menkaure
  3826 | D:4      | Killed Menkaure
  4134 | D:5      | Entered Level 5 of the Dungeon
  4138 | D:5      | Reached skill level 12 in Slings
  4177 | D:5      | Found a sacrificial altar of Ru.
  4351 | D:5      | Found a broken altar of Ashenzari.
  4421 | D:5      | Reached XP level 8. HP: 47/51 MP: 8/8
  4564 | D:5      | Found a shimmering blue altar of Sif Muna.
  4765 | D:5      | Found a blossoming altar of Fedhas.
  5682 | D:6      | Reached skill level 5 in Dodging
  6125 | D:6      | Found a basalt altar of Yredelemnul.
  6296 | D:7      | Found a staircase to the Ecumenical Temple.
  6345 | Temple   | Entered the Ecumenical Temple
  6559 | D:7      | Reached XP level 9. HP: 58/58 MP: 9/9
  6860 | D:7      | Found a hazy altar of Hepliaklqana.
  6886 | D:7      | Found an ornate altar of the Wu Jian Council.
  7108 | D:7      | Found a shadowy altar of Dithmenos.
  7194 | D:7      | Reached skill level 13 in Slings
  7671 | D:8      | Reached skill level 14 in Slings
  7718 | D:8      | Found an iron altar of Okawaru.
  7758 | D:8      | Became a worshipper of Warmaster Okawaru
  7801 | D:8      | Reached skill level 1 in Evocations
  8281 | D:9      | Reached * piety under Okawaru
  8281 | D:9      | Reached XP level 10. HP: 65/65 MP: 10/10
  8284 | D:9      | Found an opulent altar of Gozag.
  8413 | D:9      | Reached skill level 5 in Fighting
  8413 | D:9      | Reached skill level 1 in Invocations
  8601 | D:9      | Found a shimmering altar of Xom.
  8601 | D:9      | Noticed Prince Ribbit
  8602 | D:9      | Found the +7 mace of Variability {chain chaos}
  8630 | D:9      | Killed from afar by an orc wizard

Illustrated notes

Levels and vault maps discovered:
D:1:      zaba_arrival_water, layout_basic, minmay_tree_intersection
D:2:      layout_rooms, fedhas_altar_3, kennysheep_vampire_church
D:3:      layout_basic, nicolae_qazlal_general_emergency, minivault_5
D:4:      layout_loops_ring, serial_shops, shop, uniq_menkaure, uniq_ijyb,
          uniq_natasha
D:5:      layout_rooms, lemuel_crystal_altar,
          nicolae_ru_great_annihilating_truth, ashenzari_conservatory_becter,
          basic_altar
D:6:      layout_rooms, lemuel_doored_altar, kennysheep_generic_room_14
D:7:      layout_cave_pools, nicolae_overflow_crystal_walls,
          kennysheep_mini_moat, lemuel_crystal_altar,
          minmay_temple_entry_stoned_glass
D:8:      layout_basic, kennysheep_little_box
D:9:      layout_cave_pools, nicolae_gozag_seed_capital, lemuel_crystal_altar,
          minmay_guarded_unrand_variability, uniq_prince_ribbit1
Temple:   grunt_temple_mini_profane

Skill      XL: |  1  2  3  4  5  6  7  8  9 10 |
---------------+-------------------------------+-----
Slings         | 6 7 8 9 11 12 14 | 14.0
Fighting       | 2 4 5 |  5.1
Stealth        | 2 4 |  4.0
Dodging        | 5 6 7 |  7.2
Evocations     | 2 3 |  3.2
Invocations    | 1 |  1.7

Action                   |  1- 3 |  4- 6 |  7- 9 | 10-12 || total
-------------------------+-------+-------+-------+-------++-------
Melee: Short sword       |    27 |    40 |   162 |     4 ||   233
 Fire: Hunting sling     |    62 |   136 |   244 |       ||   442
       Fustibalus        |       |       |   178 |    43 ||   221
Throw: Stone             |       |       |     6 |       ||     6
Evoke: Wand              |       |       |     6 |       ||     6
  Use: Potion            |       |     1 |       |       ||     1
       Scroll            |       |     7 |     7 |     1 ||    15
 Stab: Sleeping          |       |     1 |       |       ||     1
Armor: Leather armour    |    10 |    22 |       |       ||    32
       Scale mail        |       |     5 |       |       ||     5
       Chain mail        |       |       |   120 |    11 ||   131
Dodge: Dodged            |    22 |   104 |   139 |    12 ||   277

Table legend: (Time is in decaauts)
 A = Elapsed time spent in this place.
 B = Non-inter-level travel time spent in this place.
 C = Inter-level travel time spent in this place.
 D = Time resting spent in this place.
 E = Time spent auto-exploring this place.
 F = Levels seen in this place.
 G = Mean time per level.
                   A        B        C        D        E       F      G
               +--------+--------+--------+--------+--------+-----+--------+
         Total |   8385 |   8101 |    284 |   1300 |   5243 |  10 |  838.5 |
       Dungeon |   8192 |   7946 |    246 |   1300 |   5089 |   9 |  910.2 |
        Temple |    192 |    154 |     38 |      0 |    154 |   1 |  192.0 |
               +--------+--------+--------+--------+--------+-----+--------+

Top non-repeatable levels by time:
     D:1: 1420 daAuts
     D:5: 1145 daAuts
     D:6: 1124 daAuts
     D:3: 949 daAuts
     D:4: 881 daAuts
     D:2: 828 daAuts
     D:7: 776 daAuts
     D:8: 715 daAuts
     D:9: 351 daAuts
  Temple: 192 daAuts
